 Dungeon Crawl Stone Soup version 0.21.1-1-g345015fe64 (webtiles) character file.

3411 RepoMan the Martial Artist (level 9, -5/74 (75) HPs)
             Began as a Black Draconian Transmuter on July 11, 2018.
             Was a Believer of Wu Jian.
             Slain by a hornet (12 damage)
             ... on level 9 of the Dungeon.
             The game lasted 00:39:27 (7653 turns).

RepoMan the Martial Artist (DrTm)                   Turns: 7653, Time: 00:39:27

HP:   -5/74 (75)    AC:  9    Str: 12    XL:     9   Next: 76%
MP:   16/16         EV: 15    Int: 14    God:    Wu Jian [**....]
Gold: 572           SH:  0    Dex: 15    Spells: 12/18 levels left

rFire    . . .     SeeInvis .     - Unarmed
rCold    . . .     Gourm    +   (no shield)
rNeg     . . .     Faith    .   (armour unavailable)
rPois    .         Spirit   .   y - +1 hat
rElec    +         Reflect  .   (no cloak)
rCorr    .         Harm     .   k - +0 pair of gloves
MR       .....                  (no boots)
Stlth    +.........             h - amulet of the gourmand
HPRegen  0.22/turn              (no ring)
MPRegen  0.15/turn              (no ring)

@: short of breath
A: breathe lightning, unfitting armour, electricity resistance, cold-blooded, AC
+7
a: Breathe Lightning, Wall Jump, Renounce Religion


You were on level 9 of the Dungeon.
You worshipped Wu Jian.
Wu Jian was pleased with you.
You were completely stuffed.

You visited 2 branches of the dungeon, and saw 10 of its levels.

You collected 572 gold pieces.

Inventory:

Missiles
 a - 92 arrows
Armour
 k - a +0 pair of gloves (worn)
 y - a +1 hat (worn)
Magical Staves
 p - an uncursed staff of power
 E - an uncursed staff of summoning
Jewellery
 h - an amulet of the gourmand (around neck)
 C - an uncursed ring of teleportation
Wands
 r - a wand of digging (20)
 v - a wand of polymorph (18)
 w - a wand of random effects (22)
 z - a wand of paralysis (16)
Scrolls
 d - 8 scrolls of remove curse
 e - 2 scrolls of teleportation
 g - a scroll of enchant weapon
 i - 2 scrolls of identify
 n - 2 scrolls of fear {unknown}
 o - a scroll of magic mapping
 q - 4 scrolls of amnesia
Potions
 f - a potion of haste {unknown}
 j - a potion of brilliance {unknown}
 l - 2 potions of heal wounds {unknown}
 m - 2 potions of might
 x - a potion of magic {unknown}
Books
 b - a book of Changes

   Spells                             Type                      Level
   a - Beastly Appendage              Transmutation                1
   b - Sticks to Snakes               Transmutation                2
   c - Spider Form                    Transmutation/Poison         3
   d - Ice Form                       Ice/Transmutation            4
   e - Blade Hands                    Transmutation                5
 u - a book of Summonings

   Spells                             Type                      Level
   a - Recall                         Summoning/Translocation      3
   b - Aura of Abjuration             Summoning                    5
   c - Summon Demon                   Summoning                    5
   d - Summon Forest                  Summoning/Translocation      5
   e - Summon Mana Viper              Hexes/Summoning              5
   f - Shadow Creatures               Summoning                    6
Comestibles
 c - 10 rations
 t - 4 chunks of flesh


   Skills:
 + Level 5.7 Fighting
 + Level 5.0 Dodging
 * Level 8.1 Unarmed Combat
 + Level 5.2 Spellcasting
 * Level 7.7 Transmutations


You had 12 spell levels left.
You knew the following spells:

 Your Spells              Type           Power        Failure   Level  Hunger
a - Beastly Appendage     Tmut           ####..       1%          1    None
c - Spider Form           Tmut/Pois      ##........   11%         3    ###....
v - Sticks to Snakes      Tmut           ####....     1%          2    ##.....


Dungeon Overview and Level Annotations

Branches:
Dungeon (9/15)             Temple (1/1) D:4             Orc (0/2) D:9
   Lair: D:8-11

Altars:
Ashenzari
Cheibriados
Dithmenos
Elyvilon
Fedhas
Gozag
Hepliaklqana
Kikubaaqudgha
Makhleb
Nemelex Xobeh
Okawaru
Qazlal
Ru
Sif Muna
Trog
Uskayaw
Vehumet
Wu Jian
Xom
Yredelemnul
Zin
The Shining One


Innate Abilities, Weirdness & Mutations

You can breathe wild blasts of lightning.
Your glossy black scales are hard. (AC +7)
You cannot fit into any form of body armour.
You are resistant to electric shocks. (rElec)
You are cold-blooded and may be slowed by cold attacks.


Message History

The iceblast engulfs the yak.
The yak is severely wounded.
The yak gores you!
* * * LOW HITPOINT WARNING * * *
The hornet misses you.
Unknown command.
Okay, then.
You spin and attack the hornet.
You miss the hornet. Your punch misses the hornet.
The hornet is moderately wounded.
The hornet stings you but does no damage.
Unknown command.
Evoke which item? (* to show all) (? for menu, Esc to quit)
Aiming: Iceblast
Press: ? - help, Shift-Dir - straight line, p - hornet The mass of ice explodes!
The iceblast engulfs the hornet.
The hornet is moderately wounded.
The now-empty wand crumbles to dust.
The hornet misses you. The yak closely misses you. The hornet stings you!
You die...

#### ####..########.
#..............
#####..............
...................
.........†Y..######
..........yYY#
.r....†....@.#
.............#
.............#
######.......#####
#............
#............
#............
########...÷........
....................


You could see 3 yaks and a hornet (pinned).

Vanquished Creatures
  Sigmund (D:2)
  2 wyverns
  A steam dragon (D:8)
  3 yaks (D:9)
  Duvessa (D:7)
  A water moccasin (D:5)
  A sky beast (D:8)
  A necrophage (D:6)
  2 ogres
  An orc warrior (D:8)
  A centaur (D:8)
  A big kobold (D:8)
  2 bullfrogs
  Dowan (D:7)
  2 scorpions
  2 killer bees (D:9)
  5 wights (D:8)
  3 howler monkeys (D:8)
  3 hounds
  3 orc priests
  A jelly (D:7)
  3 bullfrog skeletons
  7 orc wizards
  2 worker ants
  A hound skeleton (D:7)
  Robin (D:2)
  6 gnolls
  8 adders
  2 shadow imps
  2 oozes
  2 adder zombies (D:9)
  2 worms
  5 dart slugs
  5 leopard geckos
  17 orcs
  4 ball pythons
  11 goblins
  11 hobgoblins
  5 jackals
  10 kobolds
  3 quokkas
  4 bats
  4 frilled lizards
  A jackal skeleton (D:4)
  10 rats
164 creatures vanquished.

Vanquished Creatures (collateral kills)
  An ogre (D:4)
  A bullfrog (D:6)
  A killer bee (D:9)
  An orc priest (D:3)
  An adder (D:2)
  2 goblins (D:2)
  A hobgoblin (D:2)
  A quokka (D:2)
9 creatures vanquished.

Grand Total: 173 creatures vanquished

Notes
Turn   | Place    | Note
-------+----------+-------------------------------------------
     0 | D:1      | RepoMan the Draconian Transmuter began the quest for the Orb.
     0 | D:1      | Reached XP level 1. HP: 16/16 MP: 3/3
    80 | D:1      | Reached XP level 2. HP: 18/23 MP: 3/5
    84 | D:1      | Learned a level 2 spell: Sticks to Snakes
   633 | D:2      | Reached XP level 3. HP: 28/28 MP: 0/6
   911 | D:2      | Noticed Sigmund
   928 | D:2      | Killed Sigmund
   928 | D:2      | Reached skill level 4 in Unarmed Combat
   928 | D:2      | Reached XP level 4. HP: 15/36 MP: 1/7
   928 | D:2      | Reached XP level 5. HP: 17/41 MP: 1/8
   934 | D:2      | Learned a level 3 spell: Spider Form
  1273 | D:2      | Noticed Robin
  1288 | D:2      | Killed Robin
  1827 | D:3      | Found an opulent altar of Gozag.
  2385 | D:3      | Reached XP level 6. HP: 50/50 MP: 5/10
  2887 | D:3      | Noticed a moth of wrath
  2890 | D:3      | Found a bloodstained altar of Trog.
  2954 | D:4      | Found a blossoming altar of Fedhas.
  3119 | D:4      | Found a shattered altar of Ashenzari.
  3423 | D:4      | Your scales start taking on a glossy black colour.
  3423 | D:4      | Reached XP level 7. HP: 43/57 MP: 8/11
  3423 | D:4      | Gained mutation: You are resistant to electric shocks. (rElec) [Black Draconian growth]
  3425 | D:4      | Reached skill level 5 in Unarmed Combat
  3460 | D:4      | Found a staircase to the Ecumenical Temple.
  3544 | D:4      | Found a stormy altar of Qazlal.
  3608 | D:5      | Entered Level 5 of the Dungeon
  3612 | D:5      | Found a glowing golden altar of the Shining One.
  3806 | D:5      | Found a glowing golden altar of the Shining One.
  3808 | D:5      | Found a hide-covered altar of Uskayaw.
  4147 | D:5      | Found a sacrificial altar of Ru.
  4557 | Temple   | Entered the Ecumenical Temple
  4632 | Temple   | Became a worshipper of the Wu Jian Council
  4692 | D:6      | Reached skill level 5 in Transmutations
  5110 | D:6      | Reached XP level 8. HP: 60/65 MP: 13/13
  5564 | D:7      | Noticed Duvessa
  5577 | D:7      | Noticed Dowan
  5590 | D:7      | Killed Duvessa
  5590 | D:7      | Reached skill level 6 in Unarmed Combat
  5591 | D:7      | Killed Dowan
  5627 | D:7      | Found an ancient bone altar of Kikubaaqudgha.
  5820 | D:7      | Reached * piety under Wu Jian
  6485 | D:8      | Reached skill level 7 in Unarmed Combat
  6485 | D:8      | Reached XP level 9. HP: 60/72 MP: 13/15
  6502 | D:8      | Reached skill level 5 in Fighting
  6746 | D:8      | Found a shadowy altar of Dithmenos.
  6939 | D:8      | Reached ** piety under Wu Jian
  6988 | D:8      | Found a sparkling altar of Nemelex Xobeh.
  6990 | D:8      | Found a deep blue altar of Sif Muna.
  7131 | D:8      | Found an iron altar of Okawaru.
  7133 | D:8      | Found a burning altar of Makhleb.
  7426 | D:9      | Reached skill level 5 in Spellcasting
  7606 | D:9      | Found a staircase to the Orcish Mines.
  7650 | D:9      | Reached skill level 5 in Dodging
  7650 | D:9      | Reached skill level 8 in Unarmed Combat
  7653 | D:9      | Slain by a hornet

Skill      XL: |  1  2  3  4  5  6  7  8  9 |
---------------+----------------------------+-----
Dodging        | 2 3 4 5 |  5.0
Fighting       | 2 3 4 5 |  5.7
Unarmed Combat | 4 5 7 8 |  8.1
Transmutations | 3 4 5 6 7 |  7.7
Spellcasting   | 3 4 5 |  5.2

Action                   |  1- 3 |  4- 6 |  7- 9 || total
-------------------------+-------+-------+-------++-------
Melee: Unarmed           |    54 |   164 |   304 ||   522
       Kick              |     7 |     9 |    27 ||    43
       Headbutt          |     4 |    11 |    17 ||    32
       Tailslap          |     3 |    10 |    21 ||    34
       Punch             |     1 |     2 |     4 ||     7
 Cast: Beastly Appendage |    17 |    19 |    26 ||    62
       Sticks to Snakes  |     5 |     7 |     8 ||    20
       Spider Form       |       |     6 |     8 ||    14
Invok: Whirlwind         |       |       |    37 ||    37
       Lunge             |       |       |     9 ||     9
 Abil: Breathe Lightning |       |       |    16 ||    16
Evoke: Wand              |       |       |    17 ||    17
  Use: Scroll            |       |       |    13 ||    13
 Stab: Sleeping          |       |     4 |     2 ||     6
       Paralysed         |       |       |    15 ||    15
  Eat: Chunk             |     1 |    10 |    25 ||    36
       Ration            |       |       |     2 ||     2
Armor: Skin              |    10 |    43 |    65 ||   118
Dodge: Dodged            |    35 |    97 |   231 ||   363
